 Dungeon Crawl Stone Soup version 0.31-a0-174-g85c54bcb58 (webtiles) character file.

Game seed: 2414104890684240027

19 qw the Shield-Bearer (level 2, -4/19 HPs)
             Began as a Gargoyle Fighter on June 15, 2023.
             Slain by Sigmund
             ... wielding a +0 scythe
              (8 damage)
             ... on level 2 of the Dungeon.
             The game lasted 00:00:25 (890 turns).

qw the Shield-Bearer (Gargoyle Fighter)              Turns: 890, Time: 00:00:25

Health: -4/19      AC:  9    Str: 19    XL:     2   Next: 75%
Magic:  2/2        EV:  9    Int:  8    God:
Gold:   98         SH:  4    Dex:  9    Spells: 1/1 levels left

rFire   . . .        Y - +0 war axe
rCold   . . .        c - +0 buckler
rNeg    + . .        b - +0 scale mail
rPois   inf          (no helmet)
rElec   +            (no cloak)
rCorr   .            (no gloves)
SInv    .            (no boots)
Will    .....        (no amulet) Stlth
                     (no ring)
HPRegen 0.23/turn    (no ring)
MPRegen 0.08/turn

%: no passive effects
@: no status effects
A: sickness immunity, AC +2, negative energy resistance 1, electricity
resistance, torment resistance 1, petrification resistance
a: no special abilities


You were on level 2 of the Dungeon.
You visited 1 branch of the dungeon, and saw 2 of its levels.

You collected 98 gold pieces.


Innate Abilities, Weirdness & Mutations

You are immune to sickness and miasma.
Your stone body is resilient. (AC +2)
You are immune to poison.
You resist negative energy. (rN+)
You are resistant to electric shocks. (rElec)
You are resistant to unholy torment.
You are immune to petrification.


   Skills:
 - Level 3.2 Fighting
 + Level 2.9 Axes
 - Level 3.2 Armour
 - Level 3.2 Shields


You had one spell level left.
You didn't know any spells.
Your spell library was empty.

Inventory:

Hand Weapons
 l - a +0 club
 Y - a +0 war axe (weapon)
Armour
 b - a +0 scale mail (worn)
 c - a +0 buckler (worn)
Scrolls
 a - a scroll of brand weapon {unknown}
 g - a scroll of identify
Potions
 d - a potion of might
 j - a potion of resistance {unknown}

Dungeon Overview and Level Annotations

Branches:
Dungeon (2/15)

Altars:

Annotations:
D:2 Sigmund


Message History

The hobgoblin hits you but does no damage.
You hit the hobgoblin.
You kill the hobgoblin!
You start resting.
HP restored.
Done exploring.
(D) Dungeon
Where to? (* - list waypoints, Enter - D:2, ? - help)
What level of the Dungeon? (default 1, ? - help)
You climb downwards.
There is a stone staircase leading up here.
a - a scroll labelled JAWNENL ZEUZOE You now have 81 gold pieces (gained 9).
Found a dagger.
You see here a +0 dagger.
You now have 95 gold pieces (gained 14).
You now have 98 gold pieces (gained 3).
A rat comes into view.
You barely miss the rat.
The rat bites you but does no damage. x2
You slash the rat!
You kill the rat!
Found 4 poisoned darts.
You see here 4 poisoned darts.
Sigmund the Dreaded comes into view.
He is wielding a +0 scythe.
Sigmund shouts!
Sigmund drinks a potion.
Sigmund's spells are empowered!
Sigmund closely misses you. Sigmund casts a spell at you.
You are confused.
Sigmund closely misses you. Sigmund hits you with a +0 scythe!
Sigmund casts a spell at you.
You struggle to resist.
You feel less confused. Sigmund hits you with a +0 scythe!
You hit Sigmund.
Sigmund is lightly wounded.
Sigmund hits you with a +0 scythe!
You die...

#.# #.# #.#
#.# #.#
############
#.#
##..(.......#
#@#
#...#######.#
#@# ###.# #.#
#.# #.# #.#
#.# #.# #.#
#.# # #.# #.#
#.# ## #.#
###.# #.# .#
#.# #...# #.#
.# #.# #.###
#.# .# #.#
#.# #.#


You could see Sigmund (empowered).

Vanquished Creatures
  A dart slug (D:1)
  A giant cockroach (D:1)
  2 goblins (D:1)
  3 hobgoblins (D:1)
  A quokka (D:1)
  3 ball pythons (D:1)
  3 frilled lizards (D:1)
  A kobold (D:1)
  A rat (D:2)
16 creatures vanquished.

Notes
Turn   | Place    | Note
-------+----------+-------------------------------------------
     0 | D:1      | qw the Gargoyle Fighter began the quest for the Orb.
     0 | D:1      | Reached XP level 1. HP: 14/14 MP: 1/1
     0 | D:1      | 0 ||| qw: Version: 0.2-a-29-g511e9b1
     0 | D:1      | 0 ||| qw: Game counter: 5311
     0 | D:1      | 0 ||| qw: Always use a shield: true
     0 | D:1      | 0 ||| qw: God list: Okawaru
     0 | D:1      | 0 ||| qw: Allow faded altars: false
     0 | D:1      | 0 ||| qw: Do Orc after D:15 true
     0 | D:1      | 0 ||| qw: Do second Lair branch before Depths: true
     0 | D:1      | 0 ||| qw: Lair rune preference: random
     0 | D:1      | 0 ||| qw: Plans: Normal, Zot:1-4, Slime:5, God:TSO, Crypt,
                  | Tomb, Abyss, Pan, Hells, Win
     0 | D:1      | 0 ||| PLANNING D:1-11
   298 | D:1      | Reached XP level 2. HP: 19/19 MP: 2/2
   671 | D:1      | 671 ||| READING scroll labelled URUCHY UNOB.
   672 | D:1      | 672 ||| READING 2 scrolls labelled ESIAS SIFAO.
   673 | D:1      | 673 ||| READING scroll labelled TYSOAMN ANKOCAMUARGH.
   674 | D:1      | 674 ||| READING scroll labelled PYDEATIEZI.
   675 | D:1      | 675 ||| READING scroll labelled BALIUMARY.
   676 | D:1      | 676 ||| READING scroll labelled LINAIT VOMAG POS.
   681 | D:1      | 681 ||| DRINKING 2 red potions.
   682 | D:1      | 682 ||| DROPPING potion of enlightenment.
   719 | D:2      | 719 ||| STAIRDANCE
   880 | D:2      | Noticed Sigmund
   889 | D:2      | HP: 4/19 [Sigmund/+0 scythe (8)]
   890 | D:2      | Slain by Sigmund

Levels and vault maps discovered:
D:1:      scummos_arrival_gate, layout_loops_ring,
          hangedman_decor_clover_reticule
D:2:      layout_loops_ring, serial_shops, nicolae_shop_crystal,
          nicolae_shop_back_alley_shop, shapermc_ecumenical_altar_ellora,
          chequers_serial_rivers_micro_d, uniq_sigmund, uniq_robin

Skill      XL: |  1 |
---------------+----+-----
Axes           | 2 |  2.9
Fighting       | |  3.2
Armour         | |  3.2
Shields        | |  3.2

Action                     || total
---------------------------++-------
  Melee: War axe           ||    57
    Use: Scroll            ||     6
         Potion            ||     1
 Armour: Scale mail        ||    31
  Dodge: Dodged            ||    22
  Block: Buckler           ||    12

Table legend:
 A = Non-vault XP
 B = Vault XP
 C = Vault XP percentage of total XP
 D = Non-vault monster count
 E = Vault monster count
 F = Vault count percentage of total count
                 A         B        C        D         E       F
            +---------+---------+-------+---------+---------+-------
      Total |      28 |       0 |   0.0 |      16 |       0 |   0.0
            +---------+---------+-------+---------+---------+-------
        D:1 |      27 |       0 |   0.0 |      15 |       0 |   0.0
        D:2 |       1 |       0 |   0.0 |       1 |       0 |   0.0
            +---------+---------+-------+---------+---------+-------
